 Dungeon Crawl Stone Soup version 0.21.1-1-g345015f (webtiles) character file.

655 Melicamp the Slasher (level 7, -2/51 HPs)
             Began as a Gnoll Wanderer on Apr 5, 2018.
             Was a Follower of Cheibriados.
             Slain by Harpaggios's ghost (6 damage)
             ... on level 4 of the Dungeon.
             The game lasted 00:18:54 (6323 turns).

Melicamp the Slasher (Gnoll Wanderer)               Turns: 6323, Time: 00:18:55

Health: -2/51      AC:  9    Str: 16    XL:     7   Next: 54%
Magic:  10/10      EV: 13    Int: 19    God:    Cheibriados [*.....]
Gold:   128        SH:  0    Dex: 19    Spells: 11/11 levels left

rFire    . . .     SeeInvis .   l - +0 mace
rCold    . . .     Gourm    .   (no shield)
rNeg     . . .     Faith    .   d - +0 ring mail
rPois    .         Spirit   .   j - +0 helmet
rElec    .         Reflect  .   o - +0 cloak
rCorr    .         Harm     .   (no gloves)
MR       .....                  t - +0 pair of boots
Stlth    ++........             (no amulet)
HPRegen  0.17/turn              (no ring)
MPRegen  0.12/turn              (no ring)

@: very slow
A: distributed training, fangs 1, strong nose
a: Bend Time, Renounce Religion


You were on level 4 of the Dungeon.
You worshipped Cheibriados.
Cheibriados was aware of your devotion.
You were very hungry.

You visited 1 branch of the dungeon, and saw 4 of its levels.

You collected 128 gold pieces.

Inventory:

Hand Weapons
 g - a +4 spear of venom
   (You found it on level 1 of the Dungeon)
 h - a +1 spear of freezing
   (You found it on level 1 of the Dungeon)
 l - a +0 mace (weapon)
   (You found it on level 1 of the Dungeon)
 p - a +0 mace of protection
   (You found it on level 3 of the Dungeon)
Missiles
 n - 106 stones (quivered)
 x - 65 arrows
Armour
 d - a +0 ring mail (worn)
   (You found it on level 2 of the Dungeon)
 e - a +0 buckler
   (You found it on level 2 of the Dungeon)
 j - a +0 helmet (worn)
   (You took it off Robin on level 3 of the Dungeon)
 o - a +0 cloak (worn)
   (You found it on level 2 of the Dungeon)
 t - a +0 pair of boots (worn)
   (You found it on level 3 of the Dungeon)
Magical Staves
 q - an uncursed staff of wizardry {unknown}
   (You found it on level 2 of the Dungeon)
Jewellery
 b - an uncursed ring of ice {unknown}
   (You found it on level 2 of the Dungeon)
 r - a cursed amulet of inaccuracy {unknown}
   (You found it on level 4 of the Dungeon)
 y - an uncursed ring of protection from magic {unknown}
   (You found it on level 3 of the Dungeon)
 z - an uncursed ring of flight {unknown}
   (You found it on level 4 of the Dungeon)
Wands
 B - a wand of acid (1)
   (You found it on level 4 of the Dungeon)
Scrolls
 c - 3 scrolls of teleportation
 i - a scroll of enchant weapon
 u - a scroll of immolation
Potions
 a - a potion of curing
 k - 4 potions of flight
 m - a potion of ambrosia {unknown}
 s - a potion of brilliance
 v - a potion of cancellation {unknown}
 w - 2 potions of heal wounds {unknown}
Comestibles
 f - 5 rations


   Skills:
 + Level 2.5 Fighting
 + Level 2.5 Short Blades
 + Level 7.0 Long Blades
 + Level 2.5 Axes
 + Level 3.6 Maces & Flails
 + Level 2.5 Polearms
 + Level 2.5 Staves
 + Level 2.5 Slings
 + Level 2.5 Bows
 + Level 2.5 Crossbows
 + Level 2.5 Throwing
 + Level 5.2 Armour
 + Level 3.6 Dodging
 + Level 4.9 Stealth
 + Level 3.6 Shields
 + Level 2.5 Unarmed Combat
 + Level 2.5 Spellcasting
 + Level 2.0 Conjurations
 + Level 2.0 Hexes
 + Level 2.0 Charms
 + Level 2.0 Summonings
 + Level 2.0 Necromancy
 + Level 2.0 Translocations
 + Level 2.0 Transmutations
 + Level 2.0 Fire Magic
 + Level 2.0 Ice Magic
 + Level 2.0 Air Magic
 + Level 2.0 Earth Magic
 + Level 2.0 Poison Magic
 + Level 2.8 Invocations
 + Level 2.5 Evocations


You had 11 spell levels left.
You didn't know any spells.

Dungeon Overview and Level Annotations

Branches:
Dungeon (4/15)
 Temple: D:4-7

Altars:
Cheibriados
Okawaru
Sif Muna
Vehumet
Xom

Shops:
D:4 =

Annotations:
D:3 1 runed door, Totori's ghost, amateur MfIE
D:4 Harpaggios's ghost, amateur DrTm


Innate Abilities, Weirdness & Mutations

Your experience applies equally to all skills.
You have very sharp teeth.
Your uncanny sense of smell can sniff out nearby items.


Message History

You barely miss Harpaggios's ghost. Your bite misses Harpaggios's ghost.
Harpaggios's ghost is severely damaged.
Harpaggios's ghost closely misses you.
You miss Harpaggios's ghost.
Harpaggios's ghost is severely damaged.
Harpaggios's ghost hits you.
You miss Harpaggios's ghost.
Harpaggios's ghost is severely damaged.
Harpaggios's ghost says, "Let nature run its course against you!"
Harpaggios's ghost hits you but does no damage.
You hit Harpaggios's ghost.
Harpaggios's ghost is severely damaged.
Harpaggios's ghost hits you. Harpaggios's ghost barely misses you.
You closely miss Harpaggios's ghost.
Harpaggios's ghost is severely damaged.
Harpaggios's ghost hits you but does no damage.
You miss Harpaggios's ghost.
Harpaggios's ghost is severely damaged.
Harpaggios's ghost hits you.
You hit Harpaggios's ghost. Your bite misses Harpaggios's ghost.
Harpaggios's ghost is severely damaged.
Harpaggios's ghost hits you.
You miss Harpaggios's ghost.
Harpaggios's ghost is severely damaged.
Harpaggios's ghost completely misses you.
Harpaggios's ghost hits you.
You hit Harpaggios's ghost but do no damage.
Harpaggios's ghost is severely damaged.
Harpaggios's ghost hits you.
You miss Harpaggios's ghost. Your bite misses Harpaggios's ghost.
Harpaggios's ghost is severely damaged.
Harpaggios's ghost closely misses you.
You hit Harpaggios's ghost. You bite Harpaggios's ghost.
Harpaggios's ghost is severely damaged.
Harpaggios's ghost stares at you. Harpaggios's ghost hits you.
* * * LOW HITPOINT WARNING * * *
You miss Harpaggios's ghost.
You bite Harpaggios's ghost, but do no damage.
Harpaggios's ghost is severely damaged.
Harpaggios's ghost hits you but does no damage.
You are feeling very hungry.
You hit Harpaggios's ghost.
Harpaggios's ghost is almost destroyed.
Harpaggios's ghost hits you.
* * * LOW HITPOINT WARNING * * *
Harpaggios's ghost closely misses you.
You hit Harpaggios's ghost but do no damage.
Your bite misses Harpaggios's ghost.
Harpaggios's ghost is almost destroyed.
Harpaggios's ghost closely misses you.
Evoke which item? (* to show all) (? for menu, Esc to quit)
Aiming: Corrosive Bolt
Press: ? - help, Shift-Dir - straight line, f/p - Harpaggios's ghost
Aim: Harpaggios's ghost (almost destroyed)
The bolt of acid misses Harpaggios's ghost.
Harpaggios's ghost misses you.
You closely miss Harpaggios's ghost.
Harpaggios's ghost is almost destroyed.
Harpaggios's ghost closely misses you.
You hit Harpaggios's ghost.
Harpaggios's ghost is almost destroyed.
Harpaggios's ghost hits you but does no damage.
You hit Harpaggios's ghost but do no damage.
Your bite misses Harpaggios's ghost.
Harpaggios's ghost is almost destroyed.
Harpaggios's ghost misses you. Harpaggios's ghost barely misses you.
You barely miss Harpaggios's ghost.
Harpaggios's ghost is almost destroyed.
Harpaggios's ghost hits you.
* * * LOW HITPOINT WARNING * * *
You closely miss Harpaggios's ghost. You bite Harpaggios's ghost.
Harpaggios's ghost is almost destroyed.
Harpaggios's ghost hits you.
* * * LOW HITPOINT WARNING * * *
You miss Harpaggios's ghost. Your punch misses Harpaggios's ghost.
Your bite misses Harpaggios's ghost.
Harpaggios's ghost is almost destroyed.
Harpaggios's ghost barely misses you.
You closely miss Harpaggios's ghost. Your bite misses Harpaggios's ghost.
Harpaggios's ghost is almost destroyed.
Harpaggios's ghost hits you but does no damage.
Harpaggios's ghost barely misses you.
You miss Harpaggios's ghost.
Harpaggios's ghost is almost destroyed.
Harpaggios's ghost hits you!
* * * LOW HITPOINT WARNING * * *
Evoke which item? (* to show all) (? for menu, Esc to quit)
Aiming: Corrosive Bolt
Press: ? - help, Shift-Dir - straight line, f/p - Harpaggios's ghost
Aim: Harpaggios's ghost (severely damaged)
The bolt of acid hits Harpaggios's ghost.
Harpaggios's ghost is almost destroyed.
Harpaggios's ghost hits you.
* * * LOW HITPOINT WARNING * * *
Okay, then.
Okay, then.
Okay, then.
You fail to use your ability.
Harpaggios's ghost hits you.
You die...

.>............#
..............#
..............#
.........W!...#
..............#
##............#
############†#
#W# #@# #.# #.#
#############.#
#.............#
#.#############
#.# #.# #.#


You could see Harpaggios's ghost.

Vanquished Creatures
  A phantom (D:4)
  An ogre (D:4)
  A scorpion (D:4)
  A bullfrog skeleton (D:4)
  Jessica (D:3)
  Natasha (thrice) (D:3)
  An orc wizard (D:3)
  5 worker ants
  Robin (D:3)
  A howler monkey skeleton (D:4)
  2 adders
  A shadow imp (D:3)
  2 oozes
  2 worms
  4 dart slugs
  5 leopard geckos
  4 orcs
  4 bats
  3 giant cockroaches
  16 goblins
  7 hobgoblins
  6 jackals
  9 kobolds
  5 quokkas
  A ball python (D:2)
  4 frilled lizards
  3 rats
94 creatures vanquished.

Notes
Turn   | Place    | Note
-------+----------+-------------------------------------------
     0 | D:1      | Melicamp the Gnoll Wanderer began the quest for the Orb.
     0 | D:1      | Melicamp set off with: a +2 dagger, a potion of berserk rage, a scroll of teleportation, a +0 falchion, a +0 robe, a ration
     0 | D:1      | Reached XP level 1. HP: 13/13 MP: 1/1
   639 | D:1      | Reached XP level 2. HP: 12/19 MP: 2/2
  1350 | D:2      | HP: 1/20 [worm (11)]
  1784 | D:2      | Reached XP level 3. HP: 23/25 MP: 3/3
  1814 | D:2      | HP: 7/37 [worm (6)]
  2184 | D:2      | Found a deep blue altar of Sif Muna.
  2279 | D:2      | Found an iron altar of Okawaru.
  2283 | D:2      | Found a shimmering altar of Xom.
  2354 | D:2      | Reached skill level 1 in Invocations
  2564 | D:2      | Reached skill level 1 in Fighting
  2564 | D:2      | Reached skill level 1 in Short Blades
  2564 | D:2      | Reached skill level 1 in Axes
  2564 | D:2      | Reached skill level 1 in Polearms
  2564 | D:2      | Reached skill level 1 in Staves
  2564 | D:2      | Reached skill level 1 in Slings
  2564 | D:2      | Reached skill level 1 in Bows
  2564 | D:2      | Reached skill level 1 in Crossbows
  2564 | D:2      | Reached skill level 1 in Throwing
  2564 | D:2      | Reached skill level 1 in Unarmed Combat
  2564 | D:2      | Reached skill level 1 in Spellcasting
  2564 | D:2      | Reached skill level 1 in Evocations
  2564 | D:2      | Reached XP level 4. HP: 22/32 MP: 5/5
  3157 | D:2      | Found a radiant altar of Vehumet.
  3310 | D:3      | Noticed Jessica
  3327 | D:3      | Killed Jessica
  3327 | D:3      | Reached skill level 1 in Conjurations
  3327 | D:3      | Reached skill level 1 in Hexes
  3327 | D:3      | Reached skill level 1 in Charms
  3327 | D:3      | Reached skill level 1 in Summonings
  3327 | D:3      | Reached skill level 1 in Necromancy
  3327 | D:3      | Reached skill level 1 in Translocations
  3327 | D:3      | Reached skill level 1 in Transmutations
  3327 | D:3      | Reached skill level 1 in Fire Magic
  3327 | D:3      | Reached skill level 1 in Ice Magic
  3327 | D:3      | Reached skill level 1 in Air Magic
  3327 | D:3      | Reached skill level 1 in Earth Magic
  3327 | D:3      | Reached skill level 1 in Poison Magic
  3327 | D:3      | Reached XP level 5. HP: 35/37 MP: 6/6
  3381 | D:3      | Noticed Robin
  3407 | D:3      | Killed Robin
  3678 | D:3      | Noticed Natasha
  3701 | D:3      | HP: 6/37 [Natasha/magic dart (7)]
  3702 | D:3      | HP: 2/37 [Natasha (7)]
  3706 | D:3      | Killed Natasha
  3706 | D:3      | Reached skill level 3 in Maces & Flails
  3706 | D:3      | Reached skill level 3 in Dodging
  3706 | D:3      | Reached skill level 3 in Shields
  3839 | D:3      | Noticed Natasha
  3878 | D:3      | Killed Natasha
  4065 | D:3      | Noticed Natasha
  4069 | D:3      | Found a snail-covered altar of Cheibriados.
  4078 | D:3      | Killed Natasha
  4078 | D:3      | Reached XP level 6. HP: 20/44 MP: 8/8
  4080 | D:3      | HP: 4/44 [shadow imp/nerve-wracking pain (12)]
  4081 | D:3      | Reached skill level 2 in Invocations
  4407 | D:3      | Became a worshipper of Cheibriados the Contemplative
  4567 | D:3      | Noticed Totori's ghost (amateur MfIE)
  4634 | D:3      | Found a runed door.
  5169 | D:3      | Reached skill level 2 in Fighting
  5169 | D:3      | Reached skill level 2 in Short Blades
  5169 | D:3      | Reached skill level 2 in Axes
  5169 | D:3      | Reached skill level 2 in Polearms
  5169 | D:3      | Reached skill level 2 in Staves
  5169 | D:3      | Reached skill level 2 in Slings
  5169 | D:3      | Reached skill level 2 in Bows
  5169 | D:3      | Reached skill level 2 in Crossbows
  5169 | D:3      | Reached skill level 2 in Throwing
  5169 | D:3      | Reached skill level 5 in Armour
  5169 | D:3      | Reached skill level 2 in Unarmed Combat
  5169 | D:3      | Reached skill level 2 in Spellcasting
  5169 | D:3      | Reached skill level 2 in Evocations
  5170 | D:3      | Reached * piety under Cheibriados
  5600 | D:4      | Reached XP level 7. HP: 50/50 MP: 10/10
  5618 | D:4      | Found Taob's Jewellery Boutique.
  5985 | D:4      | Reached skill level 7 in Long Blades
  6003 | D:4      | Reached skill level 2 in Conjurations
  6003 | D:4      | Reached skill level 2 in Hexes
  6003 | D:4      | Reached skill level 2 in Charms
  6003 | D:4      | Reached skill level 2 in Summonings
  6003 | D:4      | Reached skill level 2 in Necromancy
  6003 | D:4      | Reached skill level 2 in Translocations
  6003 | D:4      | Reached skill level 2 in Transmutations
  6003 | D:4      | Reached skill level 2 in Fire Magic
  6003 | D:4      | Reached skill level 2 in Ice Magic
  6003 | D:4      | Reached skill level 2 in Air Magic
  6003 | D:4      | Reached skill level 2 in Earth Magic
  6003 | D:4      | Reached skill level 2 in Poison Magic
  6285 | D:4      | Noticed Harpaggios's ghost (amateur DrTm)
  6321 | D:4      | HP: 6/51 [Harpaggios's ghost (8)]
  6323 | D:4      | Slain by Harpaggios's ghost

Skill      XL: |  1  2  3  4  5  6  7 |
---------------+----------------------+-----
Invocations    | 1 2 |  2.8
Fighting       | 1 2 |  2.5
Short Blades   | 1 2 |  2.5
Axes           | 1 2 |  2.5
Polearms       | 1 2 |  2.5
Staves         | 1 2 |  2.5
Slings         | 1 2 |  2.5
Bows           | 1 2 |  2.5
Crossbows      | 1 2 |  2.5
Throwing       | 1 2 |  2.5
Unarmed Combat | 1 2 |  2.5
Spellcasting   | 1 2 |  2.5
Evocations     | 1 2 |  2.5
Conjurations   | 1 2 |  2.0
Hexes          | 1 2 |  2.0
Charms         | 1 2 |  2.0
Summonings     | 1 2 |  2.0
Necromancy     | 1 2 |  2.0
Translocations | 1 2 |  2.0
Transmutations | 1 2 |  2.0
Fire Magic     | 1 2 |  2.0
Ice Magic      | 1 2 |  2.0
Air Magic      | 1 2 |  2.0
Earth Magic    | 1 2 |  2.0
Poison Magic   | 1 2 |  2.0
Maces & Flails | 3 |  3.6
Dodging        | 3 |  3.6
Shields        | 3 |  3.6
Armour         | 5 |  5.2
Long Blades    | 7 |  7.0
Stealth        | |  4.9

Action                   |  1- 3 |  4- 6 |  7- 9 || total
-------------------------+-------+-------+-------++-------
Melee: Falchion          |    29 |       |       ||    29
       Bite              |    18 |    29 |    12 ||    59
       Mace              |    86 |   235 |    75 ||   396
       Punch             |       |     1 |     1 ||     2
Throw: Stone             |       |     2 |     2 ||     4
Evoke: Wand              |       |     1 |     4 ||     5
  Use: Scroll            |     2 |     5 |     1 ||     8
       Potion            |     1 |     6 |       ||     7
 Stab: Sleeping          |     5 |     5 |       ||    10
       Distracted        |       |     2 |       ||     2
  Eat: Chunk             |     2 |     6 |       ||     8
       Ration            |     1 |     1 |       ||     2
Armor: Robe              |     6 |       |       ||     6
       Ring mail         |    27 |    86 |    27 ||   140
       Skin              |       |    25 |       ||    25
Dodge: Dodged            |    66 |   132 |    38 ||   236
       Rpst.: Falchion   |    10 |       |       ||    10

Vault maps used:
D:1:      shiori_arrival_elements, minmay_fountain_box,
          minmay_stone_trees_medium
D:2:      lemuel_coloured_pillars_altar, minmay_overflow_temple_star_quad,
          first_ration
D:3:      old_standard_altar, uniq_robin, uniq_crazy_yiuf_cottage, uniq_natasha,
          uniq_jessica
D:4:      minmay_temple_entry_fiery, serial_shops, shop

Table legend:
 A = Turns spent in this place as a percentage of turns spent in the entire game.
 B = Non-inter-level travel turns spent in this place as a percentage of non-inter-level travel turns spent in the entire game.
 C = Inter-level travel turns spent in this place as a percentage of turns spent in this place.
 D = Turns resting spent in this place as a percentage of non-inter-level travel turns spent in this place.
 E = Turns spent auto-exploring this place as a percentage of non-inter-level travel turns spent in this place.
 F = Non-inter-level travel turns spent in this place divided by the number of levels of this place that you've seen.
                   A       B       C       D       E      F
               +-------+-------+-------+-------+-------+----------------------
         Total | 100.0 | 100.0 |   1.8 |  49.8 |  29.5 | 1552.8
       Dungeon | 100.0 | 100.0 |   1.8 |  49.8 |  29.5 | 1552.8
               +-------+-------+-------+-------+-------+----------------------

Table legend:
 A = Kills in this place as a percentage of kills in entire the game.
 B = Kills by you in this place as a percentage of kills by you in the entire game.
 C = Kills by friends in this place as a percentage of kills by friends in the entire game.
 D = Other kills in this place as a percentage of other kills in the entire game.
 E = Experience gained in this place as a percentage of experience gained in the entire game.
 F = Experience gained in this place divided by the number of levels of this place that you have seen.
                   A       B       C       D       E      F
               +-------+-------+-------+-------+-------+----------------------
         Total | 100.0 | 100.0 |   N/A |   N/A | 100.0 | 234.2
       Dungeon | 100.0 | 100.0 |   N/A |   N/A | 100.0 | 234.2
               +-------+-------+-------+-------+-------+----------------------
